 Dungeon Crawl Stone Soup version 0.21.1-1-g345015f (webtiles) character file.

932 Matador8 the Cudgeler (level 7, 0/52 HPs)
             Began as a Demonspawn Gladiator on Apr 13, 2018.
             Slain by Edmund
             ... wielding a +4 dire flail of draining
              (7 damage)
             ... on level 5 of the Dungeon.
             The game lasted 00:22:29 (4415 turns).

Matador8 the Cudgeler (Demonspawn Gladiator)        Turns: 4415, Time: 00:22:29

Health: 0/52       AC:  7    Str: 16    XL:     7   Next: 86%
Magic:  7/7        EV: 15    Int: 10    God:
Gold:   207        SH:  0    Dex: 19    Spells: 6/6 levels left

rFire    . . .     SeeInvis .   d - +2 whip (flame)
rCold    . . .     Gourm    .   (no shield)
rNeg     . . .     Faith    .   g - +0 ring mail
rPois    .         Spirit   .   (helmet restricted)
rElec    .         Reflect  .   (no cloak)
rCorr    .         Harm     .   (no gloves)
MR       .....                  (no boots)
Stlth    ++........             (no amulet)
HPRegen  0.17/turn              (no ring)
MPRegen  0.10/turn              (no ring)

@: agile, heavily drained
A: antennae 1, yellow scales 1, powered by pain 1, spiny 2
a: no special abilities


You were on level 5 of the Dungeon.
You were very hungry.

You visited 1 branch of the dungeon, and saw 5 of its levels.

You collected 207 gold pieces.

Inventory:

Hand Weapons
 a - a +0 flail
 d - a +2 whip of flaming (weapon)
 i - a +2 dagger of venom
Armour
 b - a +0 leather armour
 c - a +0 helmet
 g - a +0 ring mail (worn)
 C - a +3 leather armour of fire resistance
Jewellery
 n - an uncursed ring of protection from fire {unknown}
 s - a cursed ring of loudness {unknown}
 D - a cursed -2 ring of protection {unknown}
 E - an uncursed ring of stealth {unknown}
Wands
 t - a wand of paralysis (15)
 x - a wand of iceblast (5)
Scrolls
 e - a scroll of enchant armour {unknown}
 h - 3 scrolls of identify {unknown}
 j - a scroll of magic mapping {unknown}
 k - 2 scrolls of fear {unknown}
 q - 2 scrolls of noise {unknown}
 y - 2 scrolls of blinking {unknown}
 A - 2 scrolls of teleportation {unknown}
 B - a scroll of random uselessness {unknown}
 F - a scroll of fog {unknown}
Potions
 l - a potion of haste
 m - 2 potions of berserk rage {unknown}
 o - a potion of curing {unknown}
 p - 2 potions of degeneration {unknown}
 r - a potion of invisibility {unknown}
 u - 2 potions of resistance {unknown}
 v - 2 potions of mutation {unknown}
 w - 2 potions of lignification {unknown}
 z - a potion of heal wounds {unknown}
Comestibles
 f - 12 rations


   Skills:
 + Level 3.0(1.1) Fighting
 + Level 7.2(5.0) Maces & Flails
 + Level 4.6(2.5) Throwing
 - Level 2.6(0.7) Dodging


You had 6 spell levels left.
You didn't know any spells.

Dungeon Overview and Level Annotations

Branches:
Dungeon (5/15)
 Temple: D:4-7

Altars:
Elyvilon
Okawaru
Qazlal
Sif Muna

Annotations:
D:4 bmj180's ghost, amateur MiFi
D:5 Edmund


Innate Abilities, Weirdness & Mutations

You have a pair of small antennae on your head.
You are partially covered in yellow scales. (AC +2)
You sometimes gain a little power by taking damage.
You are mostly covered in sharp spines.


Message History

You feel drained.
You hit Edmund but do no damage.
Edmund is severely wounded.
Edmund hits you but does no damage.
You feel drained.
You hit Edmund but do no damage.
Edmund is severely wounded.
You hit Edmund. You burn Edmund.
Edmund is almost dead.
Edmund hits you with a dire flail of draining!
* * * LOW HITPOINT WARNING * * *
You feel drained.
* * * LOW HITPOINT WARNING * * *
You closely miss Edmund.
Edmund is almost dead.
Edmund is struck by your spines. Edmund misses you.
You closely miss Edmund.
Edmund is almost dead.
Edmund says, "People think my brother is the best.
I think he's crazy."
Edmund hits you with a dire flail of draining!
You die...

...[........###.# .#
.[..........# ♣.♣ #########..
............#♣♣.♣♣#..........
....................>....# #.#
......#######♣♣.♣♣##.....#....
......####### ♣.♣ ##.#.......#
............# #.###.....<....#
############# #.##.#...#####.#
### #.@@.......... ..#
#######.###### ..# #..# ..#
#..# ..# ##.. ### ..# #.#


You could see Edmund.

Vanquished Creatures
  Pikel (D:4)
  A slave (D:3)
  A scorpion (D:3)
  A howler monkey (D:3)
  A jelly (D:5)
  A hound (D:5)
  2 orc wizards (D:4)
  Ijyb (D:4)
  Natasha (thrice) (D:2)
  3 worker ants
  8 adders
  2 oozes
  4 worms
  An adder skeleton (D:4)
  A dart slug (D:3)
  A leopard gecko (D:4)
  An orc (D:4)
  7 bats
  3 giant cockroaches
  4 goblins
  7 hobgoblins
  3 jackals (D:4)
  2 quokkas
  5 frilled lizards
  A jackal skeleton (D:4)
  3 kobolds
  4 rats
72 creatures vanquished.

Vanquished Creatures (others)
  A slave (D:4)
1 creature vanquished.

Grand Total: 73 creatures vanquished

Notes
Turn   | Place    | Note
-------+----------+-------------------------------------------
     0 | D:1      | Matador8 the Demonspawn Gladiator began the quest for the Orb.
     0 | D:1      | Reached XP level 1. HP: 16/16 MP: 1/1
   108 | D:1      | Reached skill level 3 in Maces & Flails
   482 | D:1      | Gained mutation: You are partially covered in sharp spines. [demonic ancestry]
   482 | D:1      | Reached XP level 2. HP: 7/22 MP: 2/2
   951 | D:2      | Noticed Natasha
   961 | D:2      | Noticed a crimson imp
  1276 | D:2      | Gained mutation: You sometimes gain a little power by taking damage. [demonic ancestry]
  1276 | D:2      | Reached XP level 3. HP: 27/27 MP: 3/3
  1582 | D:2      | Killed Natasha
  1582 | D:2      | Reached skill level 4 in Maces & Flails
  1582 | D:2      | Gained mutation: You are mostly covered in sharp spines. [demonic ancestry]
  1582 | D:2      | Reached XP level 4. HP: 12/33 MP: 4/4
  1956 | D:2      | Noticed Natasha
  1972 | D:2      | Killed Natasha
  1972 | D:2      | Noticed Natasha
  1987 | D:2      | Killed Natasha
  2118 | D:2      | Gained mutation: You have a pair of small antennae on your head. [demonic ancestry]
  2118 | D:2      | Reached XP level 5. HP: 38/38 MP: 5/5
  2645 | D:3      | Reached skill level 5 in Maces & Flails
  2848 | D:3      | Reached XP level 6. HP: 37/44 MP: 6/6
  2968 | D:3      | Found a stormy altar of Qazlal.
  2971 | D:3      | Noticed an air elemental
  2971 | D:3      | Noticed a water elemental
  2971 | D:3      | Noticed a fire elemental
  3269 | D:4      | Noticed Ijyb
  3278 | D:4      | Killed Ijyb
  3328 | D:4      | Found an iron altar of Okawaru.
  3333 | D:4      | Noticed a slave
  3333 | D:4      | Noticed a slave
  3338 | D:4      | Noticed a slave
  3339 | D:4      | Noticed Pikel
  3340 | D:4      | Noticed a slave
  3355 | D:3      | Killed a slave
  3682 | D:4      | Killed Pikel
  3682 | D:4      | Reached skill level 6 in Maces & Flails
  3682 | D:4      | Gained mutation: You are partially covered in yellow scales. (AC +2) [demonic ancestry]
  3682 | D:4      | Reached XP level 7. HP: 43/50 MP: 7/7
  3703 | D:4      | Noticed bmj180's ghost (amateur MiFi)
  3704 | D:4      | Reached skill level 7 in Maces & Flails
  3828 | D:4      | Found a deep blue altar of Sif Muna.
  3921 | D:4      | Found a white marble altar of Elyvilon.
  4087 | D:5      | Entered Level 5 of the Dungeon
  4390 | D:5      | Noticed Edmund
  4415 | D:5      | Slain by Edmund

Skill      XL: |  1  2  3  4  5  6  7 |
---------------+----------------------+-----
Maces & Flails | 3 4 5 6 7 |  7.2
Throwing       | 2 3 4 |  4.6
Fighting       | 3 |  3.0
Dodging        | |  2.6

Action                   |  1- 3 |  4- 6 |  7- 9 || total
-------------------------+-------+-------+-------++-------
Melee: Flail             |    55 |   105 |       ||   160
       Whip              |       |       |    38 ||    38
Throw: Throwing net      |     1 |     4 |       ||     5
Evoke: Wand              |       |     2 |       ||     2
 Stab: Held in net/web   |       |     1 |       ||     1
  Eat: Chunk             |     2 |     7 |     1 ||    10
Armor: Leather armour    |     7 |       |       ||     7
       Ring mail         |     6 |    26 |     5 ||    37
Dodge: Dodged            |    37 |    51 |     8 ||    96
